 Dungeon Crawl Stone Soup version 0.30.0-3-ga4e48a9924 (webtiles) character file.

Game seed: 4558781039396737806

1138 monsoonserge the Cudgeller (level 8, 0/117 HPs)
             Began as a Troll Berserker on May 8, 2023.
             Was a Priest of Trog.
             Slain by a killer bee (3 damage)
             ... on level 7 of the Dungeon.
             The game lasted 00:18:13 (3989 turns).

monsoonserge the Cudgeller (Troll Berserker)        Turns: 3989, Time: 00:18:13

Health: 0/117      AC:  5    Str: 34    XL:     8   Next: 14%
Magic:  7/7        EV: 15    Int:  3    God:    Trog [***...]
Gold:   242        SH:  0    Dex:  9    Spells: 7/7 levels left

rFire   . . .        C - +0 giant spiked club
rCold   . . .        (shield currently unavailable)
rNeg    . . .        r - +1 animal skin
rPois   .            (helmet restricted)
rElec   .            (no cloak)
rCorr   .            (gloves unavailable)
SInv    .            (boots unavailable)
Will    ++...        t - amulet of faith Stlth
                     G - +5 ring of evasion
HPRegen 2.19/turn    q - +6 ring of strength
MPRegen 0.10/turn

%: faith
@: berserking, lethally poisoned (0 -> -1), strong-willed (expiring),
regenerating (expiring), hasted, very quick
A: large, unfitting armour, claws 3, regeneration 1, shaggy fur 1, tough skin 1
a: Renounce Religion, Berserk, Trog's Hand


You were on level 7 of the Dungeon.
You worshipped Trog.
Trog was most pleased with you.
You visited 1 branch of the dungeon, and saw 7 of its levels.

You collected 242 gold pieces.

Inventory:

Hand Weapons
 p - a +0 flail
 u - a +0 eveningstar
 C - a +0 giant spiked club (weapon)
 E - a +1 heavy flail
Missiles
 g - 52 stones
 s - 21 poisoned darts (quivered)
 w - 5 atropa-tipped darts
 z - 4 large rocks
 B - a throwing net
 D - 2 silver boomerangs
Armour
 r - a +1 animal skin (worn)
Jewellery
 c - a ring of protection from fire
 q - a +6 ring of strength (right claw)
 t - an amulet of faith (around neck)
 G - a +5 ring of evasion (left claw)
Wands
 F - a wand of flame (8)
Scrolls
 d - 6 scrolls of identify {unknown}
 e - 2 scrolls of immolation {unknown}
 f - a scroll of noise {unknown}
 i - 2 scrolls of torment {unknown}
 k - a scroll of fear {unknown}
 n - 2 scrolls of teleportation {unknown}
 x - a scroll of vulnerability {unknown}
 y - a scroll of enchant weapon {unknown}
Potions
 a - 2 potions of haste
 b - a potion of brilliance {unknown}
 h - a potion of curing
 j - a potion of heal wounds {unknown}
 l - 2 potions of flight {unknown}
 m - a potion of attraction {unknown}
 o - a potion of mutation {unknown}
 v - a potion of cancellation {unknown}
 A - 2 potions of lignification {unknown}


   Skills:
 + Level 4.1 Fighting
 + Level 7.2 Maces & Flails
 + Level 0.1 Throwing
 + Level 4.3 Dodging
 - Level 1.0 Stealth


You had 7 spell levels left.
You didn't know any spells.
Your spell library contained the following spells:

 Spells                   Type           Power      Damage    Failure   Level
 Magic Dart               Conj           0%         1d3       52%         1
 Shock                    Conj/Air       0%         1d3       52%         1
 Call Imp                 Summ           0%         N/A       67%         2
 Poisonous Vapours        Pois/Air       0%         N/A       67%         2
 Static Discharge         Conj/Air       0%         2-2/arc   67%         2
 Mephitic Cloud           Conj/Pois/Air  0%         N/A       88%         3
 Swiftness                Air            0%         N/A       88%         3
 Airstrike                Air            0%         2d(0-16)  99%         4
 Anguish                  Hex/Necr       0%         N/A       99%         4
 Summon Lightning Spire   Summ/Air       0%         N/A       99%         4
 Freezing Cloud           Conj/Ice/Air   0%         6-21      100%        5
 Enfeeble                 Hex            0%         N/A       100%        7


Dungeon Overview and Level Annotations

Branches:
Dungeon (7/15)             Temple (0/1) D:4

Altars:

Shops:
D:5 (   D:6 =


Innate Abilities, Weirdness & Mutations

You are too large for most types of armour.
You have claws for hands.
Your natural rate of healing is unusually fast.
You are covered in fur. (AC +1)
You have tough skin. (AC +1)


Message History

You climb downwards.
Found a stone staircase leading up.
There is a stone staircase leading up here.
You closely miss the killer bee.
You feel sick. The killer bee stings you.
* * * LOW HITPOINT WARNING * * *
You closely miss the killer bee.
You feel sick. The killer bee barely misses you.
The kobold throws a stone.
The stone closely misses you. The killer bee closely misses you.
You completely miss the killer bee.
You recover from your berserk rage.
You feel sick.
You are no longer poisoned.
The killer bee stings you.
* * * LOW HITPOINT WARNING * * *
You are poisoned.
The killer bee poisons you! The killer bee closely misses you.
Your skin crawls.
You feel strong-willed.
You can no longer call in reinforcements.
You feel sick. The killer bee barely misses you.
The kobold throws a stone.
The stone hits you but does no damage.
You miss the killer bee.
You feel sick. The killer bee closely misses you. The killer bee misses you.
You miss the killer bee.
You feel sick.
The killer bee stings you but does no damage.
The killer bee closely misses you.
You miss the killer bee.
You feel sick. The killer bee stings you.
* * * LOW HITPOINT WARNING * * *
The killer bee barely misses you.
A red film seems to cover your vision as you go berserk!
You feel yourself moving faster!
You feel mighty! The killer bee stings you.
* * * LOW HITPOINT WARNING * * *
Unknown command.
You closely miss the killer bee.
You feel sick. The killer bee stings you.
* * * LOW HITPOINT WARNING * * *
The killer bee stings you but does no damage.
You closely miss the kobold.
You feel the effects of Trog's Hand fading.
You feel sick. The killer bee stings you.
You die...

.... ...
... ..
#.####
#....#
#...y#
#K@.#
.<....#.##
##### #.#
#.# #.#
#.# #.#
..#


You could see a killer bee and a kobold.

Vanquished Creatures
  A water moccasin (D:5)
  An ice beast (D:5)
  2 ogres (D:5)
  3 scorpions
  2 killer bees (D:6)
  3 hounds
  2 orc priests (D:5)
  A gnoll bouda (D:5)
  Terence (D:2)
  2 orc wizards (D:5)
  Robin (D:3)
  3 gnolls (D:5)
  6 adders
  An ufetubus (D:5)
  2 worms
  The ghost of bakla the Sneak, a weakling AtDe (D:4)
  5 dart slugs
  14 orcs
  6 ball pythons
  5 bats
  11 endoplasms
  2 giant cockroaches
  13 goblins
  19 hobgoblins
  5 jackals
  A quokka (D:1)
  4 frilled lizards
  5 kobolds
  9 rats
131 creatures vanquished.

Notes
Turn   | Place    | Note
-------+----------+-------------------------------------------
     0 | D:1      | monsoonserge the Troll Berserker began the quest for the
                  | Orb.
     0 | D:1      | Reached XP level 1. HP: 22/22 MP: 0/0
   107 | D:1      | Reached XP level 2. HP: 19/29 MP: 1/1
   115 | D:1      | Reached skill level 3 in Maces & Flails
   279 | D:1      | Reached XP level 3. HP: 36/36 MP: 2/2
   285 | D:1      | Reached ** piety under Trog
   653 | D:2      | Reached XP level 4. HP: 43/44 MP: 3/3
   675 | D:2      | Noticed Terence
   687 | D:2      | Killed Terence
   955 | D:2      | Reached skill level 4 in Maces & Flails
   956 | D:2      | Found a faded altar of an unknown god.
  1292 | D:3      | Noticed Robin
  1328 | D:3      | Killed Robin
  1329 | D:3      | Reached XP level 5. HP: 53/53 MP: 4/4
  1337 | D:3      | Reached *** piety under Trog
  1555 | D:3      | Found the +0 pair of fencer's gloves {Riposte Dex+3}
  2358 | D:4      | Found a staircase to the Ecumenical Temple.
  2724 | D:4      | Found a runed translucent gate.
  2724 | D:4      | Found a runed translucent gate.
  2724 | D:4      | Found a runed translucent gate.
  2725 | D:4      | Noticed bakla's ghost (weakling AtDe)
  2806 | D:4      | Killed bakla's ghost
  2844 | D:5      | Entered Level 5 of the Dungeon
  2870 | D:5      | Reached XP level 6. HP: 40/61 MP: 5/5
  2882 | D:5      | Reached skill level 5 in Maces & Flails
  2910 | D:5      | Noticed a water moccasin
  2915 | D:5      | Killed a water moccasin
  3044 | D:5      | Reached **** piety under Trog
  3080 | D:5      | Noticed an ice beast
  3089 | D:5      | Reached XP level 7. HP: 67/67 MP: 6/6
  3097 | D:5      | Reached skill level 6 in Maces & Flails
  3097 | D:5      | Reached skill level 1 in Stealth
  3141 | D:5      | Found Cuggues's Weapon Shop.
  3679 | D:5      | Reached skill level 7 in Maces & Flails
  3679 | D:5      | Reached XP level 8. HP: 69/78 MP: 7/7
  3923 | D:6      | Found Wyqiy's Jewellery Shop.
  3988 | D:7      | HP: 2/117 [killer bee (5)]
  3989 | D:7      | Slain by a killer bee

Illustrated notes

Levels and vault maps discovered:
D:1:      roderic_chinese_lattice_arrival, layout_rooms
D:2:      layout_loops_ring, hellmonk_ecumenical_altar_pennies_from_heaven,
          minmay_misc_feat_iff, uniq_terence
D:3:      layout_loops_cross, uniq_robin
D:4:      cheibrodos_helix_gallery, layout_cave_pods,
          minmay_temple_entry_arrows, ebering_ghost_rock_garden
D:5:      layout_basic, serial_shops, shop, serial_park_tiny_1
D:6:      layout_basic, serial_co_window_serial, co_window_paths_a,
          co_window_corner_a, co_window_paths_a, co_window_cross_1,
          co_window_of_opportunity_a, co_window_2corner,
          co_window_unsneaky_path_a, co_window_2corner, co_window_2corner,
          co_window_of_opportunity_b, co_window_unsneaky_path_b,
          glass_columns_b, glass_columns_a, glass_columns_a, glass_columns_c,
          serial_shops, nicolae_stop_n_shop_1, minmay_misc_feat_cross,
          nicolae_evil_shop
D:7:      layout_loops_ring, eino_small_chamber_without_monster

Skill      XL: |  1  2  3  4  5  6  7 |
---------------+----------------------+-----
Maces & Flails | 3 4 5 7 |  7.2
Dodging        | 3 4 |  4.3
Fighting       | 3 4 |  4.1
Stealth        | 1 |  1.0
Throwing       | |  0.1

Action                     |  1- 3 |  4- 6 |  7- 9 || total
---------------------------+-------+-------+-------++-------
  Melee: Mace              |   134 |     9 |       ||   143
         Punch             |     1 |     3 |       ||     4
         Flail             |       |   132 |       ||   132
         Eveningstar       |       |    76 |    19 ||    95
         Giant spiked club |       |       |   106 ||   106
  Throw: Dart              |       |     1 |       ||     1
 Invoke: Berserk           |       |     2 |     3 ||     5
         Trog's Hand       |       |       |     3 ||     3
    Use: Potion            |       |       |     2 ||     2
   Stab: Sleeping          |     2 |     2 |       ||     4
 Armour: Animal skin       |    63 |    72 |    40 ||   175
  Dodge: Dodged            |    87 |   142 |   162 ||   391
